 Dungeon Crawl Stone Soup version 0.20.0-15-g7f486f2 (webtiles) character file.

198 sagitran the Conjurer (level 5, -6/28 HPs)
             Began as a Tengu Conjurer on June 13, 2017.
             Mangled by greprep's ghost (8 damage)
             ... on level 3 of the Dungeon.
             The game lasted 00:49:05 (2009 turns).

sagitran the Conjurer (Tengu Conjurer)              Turns: 2009, Time: 00:49:06

Health: -6/28      AC:  4    Str:  8      XL:     5   Next: 77%
Magic:  0/10       EV: 16    Int: 16      God:
Gold:   122        SH:  0    Dex: 14 (15) Spells: 0/10 levels left

rFire    + . .     SeeInvis .   (no weapon)
rCold    x . .     Gourm    .   (no shield)
rNeg     . . .     Faith    .   a - +0 robe
rPois    +         Spirit   .   (helmet restricted)
rElec    .         Reflect  .   h - +1 cloak
rCorr    .         Harm     .   (no gloves)
MR       .....                  (boots unavailable)
Stlth    ++........             n - amulet of inaccuracy (curse)
Regen    0.1/turn               m - ring of poison resistance
MPRegen  0.2/turn               l - ring of fire

@: flying quickly and evasively, quick
A: beak, talons 3, able to fly 1
a: no special abilities


You were on level 3 of the Dungeon.
You were not hungry.

You visited 1 branch of the dungeon, and saw 3 of its levels.

You collected 122 gold pieces.

Inventory:

Missiles
 p - a tomahawk (quivered)
Armour
 a - a +0 robe (worn)
 h - a +1 cloak (worn)
Jewellery
 l - a ring of fire (right hand)
 m - a ring of poison resistance (left hand)
 n - a cursed amulet of inaccuracy (around neck)
Scrolls
 e - a scroll of recharging
 k - 2 scrolls of amnesia
Potions
 f - 2 potions of brilliance
Books
 b - a book of Conjurations

   Spells                             Type                      Level
   a - Magic Dart                     Conjuration                  1
   b - Searing Ray                    Conjuration                  2
   c - Dazzling Spray                 Conjuration/Hexes            3
   d - Fulminant Prism                Conjuration/Hexes            4
   e - Force Lance                    Conjuration/Translocation    4
   f - Iskenderun's Mystic Blast      Conjuration                  4
Comestibles
 c - 2 bread rations
 d - 2 meat rations
 g - 2 chunks of flesh
 j - a royal jelly


   Skills:
 + Level 0.6 Fighting
 + Level 2.2 Throwing
 + Level 3.2 Dodging
 + Level 2.4 Stealth
 + Level 0.7 Unarmed Combat
 + Level 3.0 Spellcasting
 + Level 6.4 Conjurations


You couldn't memorise any spells.
You knew the following spells:

 Your Spells              Type           Power        Failure   Level  Hunger
a - Magic Dart            Conj           ###.         1%          1    #......
b - Searing Ray           Conj           ###...       1%          2    ##.....
c - Dazzling Spray        Conj/Hex       ##....       14%         3    ###....
d - Iskenderun's Mystic   Conj           ###.....     13%         4    #####..


Dungeon Overview and Level Annotations

Branches:
Dungeon (3/15)

Altars:
Trog

Annotations:
D:3 greprep's ghost, amateur CeHu


Innate Abilities, Weirdness & Mutations

You have a beak for a mouth.
You have claws for feet.
You can fly.


Message History

You closely miss greprep's ghost.
Greprep's ghost is moderately damaged.
Greprep's ghost barely misses you.
You barely miss greprep's ghost.
You claw greprep's ghost, but do no damage.
Greprep's ghost is moderately damaged.
Greprep's ghost hits you.
* * * LOW HITPOINT WARNING * * *
Casting: Magic Dart
Confirm with . or Enter, or press ? or * to list all spells.
Aiming: Magic Dart
Press: ? - help, Shift-Dir - straight line, f/p - greprep's ghost
Aim: greprep's ghost (moderately damaged)
The magic dart hits greprep's ghost.
Greprep's ghost is moderately damaged.
Greprep's ghost closely misses you.
You miss greprep's ghost.
Greprep's ghost is moderately damaged.
Greprep's ghost hits you!
You die...

##......## #. #<...#.......
#........## #. #......##...#
..........# #. ...###........
..........# ## ###.# #.###....
..........# #.###.#.....#
..........# #.#...#.##.##
..........###########.....#....##
#.....................###...#####
...............W@.#####....###...
..........#######..............##
....%.....# #...........#######
..........# ##.#.......########
..........# ...#.........##..(.
#........## #.###.......#.......
##......## #. #............##.
######## # #.......#.##....
#.......#.####..


You could see greprep's ghost.

Vanquished Creatures
  A phantom (D:3)
  5 adders
  2 worms
  2 leopard geckos
  An orc (D:3)
  6 bats
  3 giant cockroaches
  5 goblins
  11 hobgoblins
  4 jackals (D:1)
  5 frilled lizards
  12 kobolds
  2 rats
59 creatures vanquished.

Notes
Turn   | Place    | Note
-------+----------+-------------------------------------------
     0 | D:1      | sagitran the Tengu Conjurer began the quest for the Orb.
     0 | D:1      | Reached XP level 1. HP: 10/10 MP: 4/4
   121 | D:1      | Reached XP level 2. HP: 11/15 MP: 0/6
   307 | D:1      | Learned a level 2 spell: Searing Ray
   594 | D:1      | Reached XP level 3. HP: 4/19 MP: 0/7
   604 | D:1      | Learned a level 3 spell: Dazzling Spray
   853 | D:2      | Reached skill level 1 in Throwing
   853 | D:2      | Reached skill level 6 in Conjurations
  1046 | D:2      | Reached XP level 4. HP: 24/24 MP: 4/8
  1460 | D:3      | Noticed a phantom
  1581 | D:3      | Killed a phantom
  1581 | D:3      | Gained mutation: You can fly. [Tengu growth]
  1581 | D:3      | Reached XP level 5. HP: 28/28 MP: 0/10
  1659 | D:3      | Found a bloodstained altar of Trog.
  1881 | D:3      | Learned a level 4 spell: Iskenderun's Mystic Blast
  1966 | D:3      | Noticed greprep's ghost (amateur CeHu)
  2009 | D:3      | Mangled by greprep's ghost

Skill      XL: |  1  2  3  4  5 |
---------------+----------------+-----
Throwing       | 1 2 |  2.2
Conjurations   | 6 |  6.4
Dodging        | 3 |  3.2
Spellcasting   | 3 |  3.0
Fighting       | |  0.6
Stealth        | |  2.4
Unarmed Combat | |  0.7

Action                   |  1- 3 |  4- 6 || total
-------------------------+-------+-------++-------
Melee: Unarmed           |    44 |    51 ||    95
       Kick              |     3 |     9 ||    12
       Peck              |     5 |     2 ||     7
Throw: Tomahawk          |    20 |    19 ||    39
 Cast: Magic Dart        |    42 |    51 ||    93
       Searing Ray       |     1 |     7 ||     8
       Dazzling Spray    |       |     1 ||     1
       Iskenderun's Myst |       |     1 ||     1
 Abil: Fly               |       |     1 ||     1
  Use: Scroll            |     5 |     2 ||     7
       Potion            |       |     7 ||     7
  Eat: Chunk             |     1 |       ||     1
       Bread ration      |       |     1 ||     1
Armor: Robe              |    33 |     9 ||    42
       Skin              |       |     1 ||     1
Dodge: Dodged            |    78 |    40 ||   118
